 Seeded DCSS version 0.28-a0-1339-ga5422284a4 (webtiles) character file.

Game seed: 12130800008223909736 (custom seed)

56 croobank the Digger (level 4, -1/30 HPs)
             Began as a Formicid Earth Elementalist on Dec 28, 2021.
             Killed from afar by Ijyb (9 damage)
             ... with a puff of flame
             ... on level 3 of the Dungeon.
             The game lasted 00:10:27 (2639 turns).

croobank the Digger (Formicid Earth Elementalist)   Turns: 2639, Time: 00:10:28

Health: -1/30      AC:  6    Str: 13    XL:     4   Next: 17%
Magic:  0/8        EV:  9    Int: 16    God:
Gold:   35         SH:  0    Dex: 11    Spells: 5/8 levels left

rFire   . . .      SeeInvis +   a - +0 trident
rCold   . . .      Faith    .   (no shield)
rNeg    . . .      Spirit   .   m - +0 scale mail
rPois   .          Reflect  .   (helmet unavailable)
rElec   .          Harm     .   (no cloak)
rCorr   .          Rampage  .   (no gloves)
Will    .....                   (no boots)
Stlth   +.........              (no amulet)
HPRegen 0.10/turn               f - ring of wizardry
MPRegen 0.11/turn               (no ring)

@: mighty
A: permanent stasis, dig shafts and tunnels, antennae 3, four strong arms
a: Dig, Shaft Self


You were on level 3 of the Dungeon.
You visited 1 branch of the dungeon, and saw 3 of its levels.

You collected 58 gold pieces.
You spent 23 gold pieces at shops.

Inventory:

Hand Weapons
 a - a +0 trident (weapon)
 d - a +0 spear
 l - a +0 whip
Missiles
 g - 18 bolts
 h - 38 poisoned darts
 o - 12 stones
Armour
 b - a +0 robe
 c - a +1 kite shield of resistance
 m - a +0 scale mail (worn)
Jewellery
 f - a ring of wizardry (left hand)
Scrolls
 e - 3 scrolls of enchant armour {enchant armour, unknown}
 i - a scroll of teleportation {teleportation, unknown}
 n - a scroll of identify {identify, unknown}
Potions
 j - 2 potions of curing {curing, unknown}
 k - a potion of might


   Skills:
 + Level 2.2 Dodging
 + Level 3.2 Stealth
 + Level 2.7 Spellcasting
 + Level 1.9 Transmutations
 + Level 4.1 Earth Magic


You had 5 spell levels left.
You knew the following spells:

 Your Spells              Type           Power      Damage    Failure   Level
a - Sandblast             Erth           30%        2d9       8%          1
b - Passwall              Tmut/Erth      9%         N/A       16%         2

Your spell library contained the following spells:

 Spells                   Type           Power      Damage    Failure   Level
 Stone Arrow              Conj/Erth      16%        3d8       43%         3
 Petrify                  Tmut/Erth      11%        N/A       69%         4


Dungeon Overview and Level Annotations

Branches:
Dungeon (3/15)

Altars:

Shops:
D:1 *   D:2 =

Annotations:
D:3 Ijyb


Innate Abilities, Weirdness & Mutations

You cannot be hasted, slowed, berserked, paralysed or teleported.
You can dig through walls and to a lower floor.
You have a pair of large antennae on your head. (SInv)
Your four strong arms can wield two-handed weapons with a shield.


Message History

The blast of sand hits Ijyb but does no damage.
Ijyb is moderately wounded.
Ijyb hits you with a +0 dagger.
Aiming: Sandblast (safe; 8% risk of failure)
Press: ? - help, Q - select action, (/) - cycle Shift-Dir - straight line, f/p - Ijyb
Aim: Ijyb, wielding a +0 dagger, wearing a +0 leather armour and carrying a wand of flame (21) (moderately wounded, 74% to hit)
The blast of sand misses Ijyb.
Ijyb hits you but does no damage.
Aiming: Sandblast (safe; 8% risk of failure)
Press: ? - help, Q - select action, (/) - cycle Shift-Dir - straight line, f/p - Ijyb
Aim: Ijyb, wielding a +0 dagger, wearing a +0 leather armour and carrying a wand of flame (21) (moderately wounded, 74% to hit)
The blast of sand hits Ijyb.
Ijyb is heavily wounded.
Ijyb hits you with a +0 dagger.
You hit Ijyb but do no damage.
Ijyb is heavily wounded.
Ijyb hits you with a +0 dagger.
Aiming: Sandblast (safe; 8% risk of failure)
Press: ? - help, Q - select action, (/) - cycle Shift-Dir - straight line, f/p - Ijyb
Aim: Ijyb, wielding a +0 dagger, wearing a +0 leather armour and carrying a wand of flame (21) (heavily wounded, 74% to hit)
The blast of sand hits Ijyb.
Ijyb is heavily wounded.
Ijyb hits you but does no damage.
You barely miss Ijyb.
Ijyb is heavily wounded.
Ijyb zaps a wand.
The puff of flame hits you!
You barely miss Ijyb.
Ijyb is heavily wounded.
Ijyb zaps a wand.
The puff of flame hits you but does no damage.
Ijyb barely misses you.
You hit Ijyb.
Ijyb is severely wounded.
Ijyb screams, "Die!"
Ijyb zaps a wand.
The puff of flame hits you!
* * * LOW HITPOINT WARNING * * *
It was a potion of might.
You feel very mighty all of a sudden.
Ijyb zaps a wand.
The puff of flame hits you!
You die...

................
...............
...............
#...# #...#
#...# #...#
#.#.g.#.####
#...@........
.....#...##.####
........## #
.....#...
...###.#. ... #.
.# . .. .# #. ##


You could see Ijyb.

Vanquished Creatures
  2 adders (D:2)
  A dart slug (D:1)
  2 endoplasms
  2 giant cockroaches
  A goblin (D:2)
  3 hobgoblins (D:1)
  5 quokkas
  5 ball pythons
  5 bats (D:1)
  3 frilled lizards (D:1)
  2 kobolds (D:1)
  4 rats
35 creatures vanquished.

Vanquished Creatures (others)
  2 fungi (D:2)
  2 plants (D:2)
4 creatures vanquished.

Grand Total: 39 creatures vanquished

Notes
Turn   | Place    | Note
-------+----------+-------------------------------------------
     0 | D:1      | croobank the Formicid Earth Elementalist began the quest
                  | for the Orb.
     0 | D:1      | Reached XP level 1. HP: 13/13 MP: 3/3
   209 | D:1      | Found Wisoshren's General Store.
   224 | D:1      | Reached XP level 2. HP: 19/19 MP: 3/5
   790 | D:1      | Learned a level 2 spell: Passwall
   885 | D:1      | Reached XP level 3. HP: 24/24 MP: 4/6
  1261 | D:2      | Reached skill level 4 in Earth Magic
  1574 | D:2      | Found a faded altar of an unknown god.
  1625 | D:2      | Found Tueluf's Jewellery Shoppe.
  1791 | D:3      | Reached XP level 4. HP: 28/30 MP: 7/7
  2561 | D:1      | Bought 21 stones for 23 gold pieces
  2620 | D:3      | Noticed Ijyb
  2639 | D:3      | Killed from afar by Ijyb

Illustrated notes

Levels and vault maps discovered:
D:1:      grunt_arrival_crossed_arrows, layout_loops_ring, serial_shops, shop,
          chequers_serial_rivers_micro_b
D:2:      layout_basic, serial_shops, shop,
          shapermc_ecumenical_altar_mp_urbaneastern
D:3:      layout_loops_cross, serial_shops, shop_statue, uniq_ijyb, uniq_sigmund

Skill      XL: |  1  2  3 |
---------------+----------+-----
Dodging        | 2 |  2.2
Stealth        | 3 |  3.2
Earth Magic    | 4 |  4.1
Spellcasting   | |  2.7
Transmutations | |  1.9

Action                   |  1- 3 |  4- 6 || total
-------------------------+-------+-------++-------
Melee: Spear             |    26 |       ||    26
       Trident           |    16 |    29 ||    45
 Cast: Sandblast         |    30 |     9 ||    39
  Use: Potion            |       |     1 ||     1
 Stab: Sleeping          |     2 |       ||     2
Armor: Robe              |     6 |       ||     6
       Scale mail        |     6 |    13 ||    19
Dodge: Dodged            |    31 |    19 ||    50

Table legend: (Time is in decaauts)
 A = Elapsed time spent in this place.
 B = Non-inter-level travel time spent in this place.
 C = Inter-level travel time spent in this place.
 D = Time resting spent in this place.
 E = Time spent auto-exploring this place.
 F = Levels seen in this place.
 G = Mean time per level.
                   A        B        C        D        E       F      G
               +--------+--------+--------+--------+--------+-----+--------+
         Total |   2655 |   2521 |    134 |    816 |   1245 |   3 |  885.0 |
       Dungeon |   2655 |   2521 |    134 |    816 |   1245 |   3 |  885.0 |
               +--------+--------+--------+--------+--------+-----+--------+

Top non-repeatable levels by time:
     D:2: 1348 daAuts
     D:1: 1256 daAuts
     D:3: 50 daAuts
